 Dungeon Crawl Stone Soup version 0.18-a0-888-gdb73dea (webtiles) character file.

56 dvd the Sneak (level 3, 0/21 HPs)
             Began as an Octopode Ice Elementalist on Dec 23, 2015.
             Slain by Natasha (4 damage)
             ... on level 2 of the Dungeon.
             The game lasted 00:03:19 (1281 turns).

dvd the Sneak (Octopode Ice Elementalist)           Turns: 1281, Time: 00:03:19

Health: 0/21       AC:  1    Str:  7    XL:     3   Next: 97%
Magic:  1/6        EV: 12    Int: 18    God:
Gold:   57         SH:  0    Dex: 12    Spells: 2 memorised, 4 levels left

rFire  . . .     SeeInvis .     l - +0 short sword
rCold  . . .     Gourm    .     (no shield)
rNeg   . . .     Faith    .     (helmet restricted)
rPois  .         Spirit   .     (no amulet)
rElec  .         Dismiss  .     (no ring)
rCorr  .         Reflect  .     (no ring)
SustAt .         Harm     .     (no ring)
MR     .....                    (no ring)
Stlth  ++++......               (no ring)
                                (no ring)
                                (no ring)
                                (no ring)

@: slowed, very slow, not resistant to hostile enchantments, stealthy
A: almost no armour, amphibious, 8 rings, constrict 8, camouflage 1, gelatinous
body 1
a: no special abilities


You were on level 2 of the Dungeon.
You were not hungry.

You visited 1 branch of the dungeon, and saw 2 of its levels.

You collected 57 gold pieces.

Inventory:

Hand Weapons
 l - a +0 short sword (weapon)
Scrolls
 c - 2 scrolls of teleportation {unknown}
 f - a scroll of amnesia {unknown}
 h - 3 scrolls of identify {unknown}
 m - a scroll of noise {unknown}
Potions
 e - a potion of haste {unknown}
 g - 2 potions of curing {unknown}
 i - a potion of might {unknown}
 k - a potion of ambrosia {unknown}
Books
 a - a book of Frost

   Spells                             Type                      Level
   a - Freeze                         Ice                          1
   b - Throw Frost                    Conjuration/Ice              2
   c - Ozocubu's Armour               Charms/Ice                   3
   d - Throw Icicle                   Conjuration/Ice              4
   e - Summon Ice Beast               Ice/Summoning                4
   f - Condensation Shield            Ice                          4
Comestibles
 b - 2 bread rations
 d - 2 chunks of flesh
 j - a slice of pizza


   Skills:
 + Level 0.2 Fighting
 + Level 2.4 Dodging
 + Level 3.6 Stealth
 + Level 0.2 Unarmed Combat
 + Level 2.6 Spellcasting
 + Level 1.0 Conjurations
 + Level 3.4 Ice Magic


You had 4 spell levels left.
You knew the following spells:

 Your Spells              Type           Power        Failure   Level  Hunger
a - Freeze                Ice            ##..         4%          1    #......
b - Throw Frost           Conj/Ice       ##....       12%         2    ##.....


Dungeon Overview and Level Annotations

Branches:
Dungeon (2/15)

Altars:

Annotations:
D:2 Natasha


Innate Abilities, Weirdness & Mutations

You cannot wear most types of armour.
You are amphibious.
You can wear up to eight rings at the same time.
You can use your tentacles to constrict eight enemies at once.
Your skin changes colour to match your surroundings (Stealth).
Your rubbery body absorbs attacks (AC +1).


Message History

You feel disoriented. Natasha barely misses you.
Casting: Freeze
Confirm with . or Enter, or press ? or * to list all spells.
Aiming: Freeze
Press: ? - help, Shift-Dir - straight line, f/p - Natasha
Aim: Natasha (moderately wounded)
You freeze Natasha.
Natasha is moderately wounded.
Natasha barely misses you. Natasha claws you.
You hit Natasha. You grab Natasha.
Natasha is heavily wounded.
You constrict Natasha, but do no damage.
Natasha claws you!
You barely miss Natasha.
Natasha is heavily wounded.
You constrict Natasha. Natasha claws you.
* * * LOW HITPOINT WARNING * * *
Natasha claws you.
You die...

#.#....# #.####.#
#.# #.# #.####.#
#####.#....#
#....>#.####+####
#.#####.# ......
#.# #.###......
##'#####.#@h......
#........#.#......
#.......##'###....
#............# ...
#............# .
#............#
########..)..#
#.....# #.....+


You could see Natasha.

Vanquished Creatures
  3 adders (D:2)
  A giant gecko (D:1)
  2 giant cockroaches (D:1)
  3 hobgoblins (D:1)
  4 jackals (D:2)
  4 bats
  A giant newt (D:1)
  5 goblins
  4 kobolds
  3 rats
30 creatures vanquished.

Notes
Turn   | Place    | Note
--------------------------------------------------------------
     0 | D:1      | dvd the Octopode Ice Elementalist began the quest for the Orb.
     0 | D:1      | Reached XP level 1. HP: 11/11 MP: 3/3
   323 | D:1      | Reached XP level 2. HP: 17/17 MP: 3/5
   351 | D:1      | Learned a level 2 spell: Throw Frost
   720 | D:2      | Reached XP level 3. HP: 19/21 MP: 3/6
  1275 | D:2      | Noticed Natasha
  1281 | D:2      | Slain by Natasha

Vault maps used:
D:1:      tarquinn_simple_flora_water_a
D:2:      uniq_natasha

Action                   || total
-------------------------++-------
Melee: Unarmed           ||     9
       Short sword       ||    28
 Cast: Freeze            ||    21
       Throw Frost       ||     8
 Stab: Sleeping          ||     7
  Eat: Chunk             ||     2
